 Dungeon Crawl Stone Soup version 0.29.1-15-g9cfb28693d (webtiles) character file.

Game seed: 6137707999613436456

43 ThatPearl the Trooper (level 3, 0/45 HPs)
             Began as a Demonspawn Berserker on Mar 11, 2023.
             Was a Follower of Trog.
             Slain by an adder (2 damage)
             ... on level 2 of the Dungeon.
             The game lasted 00:01:58 (1607 turns).

ThatPearl the Trooper (Demonspawn Berserker)        Turns: 1607, Time: 00:01:59

Health: 0/45       AC:  6    Str: 19    XL:     3   Next: 37%
Magic:  3/3        EV: 10    Int:  8    God:    Trog [*.....]
Gold:   125        SH:  0    Dex: 12    Spells: 2/2 levels left

rFire   . . .      SeeInvis .   a - +0 hand axe
rCold   . . .      Faith    .   (no shield)
rNeg    . . .      Spirit   .   d - +0 scale mail
rPois   .          Reflect  .   (helmet restricted)
rElec   .          Harm     .   (no cloak)
rCorr   .          Rampage  .   (no gloves)
Will    .....                   (no boots)
Stlth   ..........              (no amulet)
HPRegen 0.15/turn               (no ring)
MPRegen 0.08/turn               (no ring)

@: berserking, lethally poisoned (0 -> -7), very quick
A: horns 1
a: Renounce Religion, Berserk


You were on level 2 of the Dungeon.
You worshipped Trog.
Trog was aware of your devotion.
You visited 1 branch of the dungeon, and saw 2 of its levels.

You collected 125 gold pieces.

Inventory:

Hand Weapons
 a - a +0 hand axe (weapon)
 e - a +0 trident
 i - a +0 sling
Missiles
 f - 25 stones (quivered)
 j - 4 poisoned darts
Armour
 d - a +0 scale mail (worn)
Scrolls
 b - a scroll of enchant armour {unknown}
 g - 2 scrolls of immolation {unknown}
 h - a scroll of vulnerability {unknown}
 k - a scroll of identify {unknown}
Potions
 c - 2 potions of lignification {unknown}
 l - 2 potions of heal wounds {unknown}
 m - a potion of mutation {unknown}


   Skills:
 + Level 3.8 Fighting
 + Level 3.4 Axes
 - Level 1.7 Armour
 - Level 1.7 Dodging


You had 2 spell levels left.
You didn't know any spells.
Your spell library was empty.

Dungeon Overview and Level Annotations

Branches:
Dungeon (2/15)

Altars:


Innate Abilities, Weirdness & Mutations

You have a pair of small horns on your head.


Message History

You hit the adder.
The adder is heavily wounded.
The adder bites you but does no damage. The adder closely misses you.
You hit the adder but do no damage. You headbutt the adder.
The adder is severely wounded.
The adder bites you but does no damage.
You barely miss the adder.
The adder is severely wounded.
The adder bites you but does no damage. The adder bites you.
You are poisoned.
The adder poisons you!
You completely miss the adder. Your headbutt misses the adder.
The adder is severely wounded.
You feel sick. The adder closely misses you.
You hit the adder but do no damage. Your headbutt misses the adder.
The adder is severely wounded.
You feel sick. The adder bites you. The adder barely misses you.
You hit the adder.
You headbutt the adder, but do no damage.
The adder is almost dead.
You feel sick. The adder misses you.
You closely miss the adder. Your headbutt misses the adder.
The adder is almost dead.
You feel sick. The adder bites you.
* * * LOW HITPOINT WARNING * * *
You are more poisoned.
The adder poisons you! The adder bites you.
* * * LOW HITPOINT WARNING * * *
You are more poisoned.
The adder poisons you!
You completely miss the adder.
The adder is almost dead.
* * * LOW HITPOINT WARNING * * *
You feel very sick. The adder bites you but does no damage.
A red film seems to cover your vision as you go berserk!
You feel yourself moving faster!
You feel mighty!
* * * LOW HITPOINT WARNING * * *
You feel sick. The adder bites you.
You die...

......#.#
...................
...##.#.#
....###.###.###....
....#...##..... #.###.###
##. ....######....#
#.#.....# ###...........#
##.#...#.# ..............#
#........#
####..........###........#
# #....................##
# ###..####....@.......[..
# ####.## #....S#########.
###....#####.....#
#>..###........... ....#
#.........## #.#.#
#......... #.#.#
#......... #.#.#
#......... #.#.# #........


You could see an adder.

Vanquished Creatures
  An adder (D:2)
  3 bats
  4 endoplasms
  2 giant cockroaches (D:2)
  3 goblins
  4 hobgoblins
  A kobold (D:1)
  2 quokkas (D:1)
  4 frilled lizards
  7 rats (D:1)
31 creatures vanquished.

Notes
Turn   | Place    | Note
-------+----------+-------------------------------------------
     0 | D:1      | ThatPearl the Demonspawn Berserker began the quest for the
                  | Orb.
     0 | D:1      | Reached XP level 1. HP: 18/18 MP: 1/1
   177 | D:1      | Found a faded altar of an unknown god.
   278 | D:1      | Gained mutation: You have a pair of small horns on your
                  | head. [demonic ancestry]
   278 | D:1      | Reached XP level 2. HP: 21/24 MP: 2/2
  1318 | D:2      | Reached XP level 3. HP: 29/29 MP: 3/3
  1607 | D:2      | HP: 2/45 [poisoned by an adder]
  1607 | D:2      | Slain by an adder

Illustrated notes

Levels and vault maps discovered:
D:1:      amcnicky_arrival_abandoned_market, layout_loops_corners,
          basic_ecumenical_altar, minmay_misc_feat_pillars, minmay_pentomino_p2
D:2:      layout_basic, dk_vineyard_2

Skill      XL: |  1 |
---------------+----+-----
Axes           | 3 |  3.4
Fighting       | |  3.8
Armour         | |  1.7
Dodging        | |  1.7

Action                   || total
-------------------------++-------
Melee: Hand axe          ||    83
       Headbutt          ||     7
       Punch             ||     1
Invok: Berserk           ||     1
Armor: Scale mail        ||    39
       Animal skin       ||     1
Dodge: Dodged            ||    45
